 Dungeon Crawl Stone Soup version 0.30-a0-381-g6ea064c7b4 (webtiles) character file.

Game seed: 12474548680276728455

1241 Raultor the Changer (level 8, 0/57 HPs)
             Began as an Octopode Transmuter on Dec 1, 2022.
             Was an Initiate of the Shining One.
             Slain by a hornet (3 damage)
             ... on level 6 of the Dungeon.
             The game lasted 00:22:09 (5026 turns).

Raultor the Changer (Octopode Transmuter)           Turns: 5026, Time: 00:22:10

Health: 0/57       AC:  8    Str:  9      XL:     8   Next: 49%
Magic:  9/11       EV: 10    Int: 17 (18) God:    the Shining One [......]
Gold:   238        SH:  0    Dex: 12      Spells: 4/11 levels left

rFire   x . .      SeeInvis .      - Unarmed
rCold   + + +      Faith    .    (shield currently unavailable)
rNeg    . . .      Spirit   .    (helmet currently unavailable)
rPois   +          Reflect  .    (no amulet)
rElec   .          Harm     .    R - ring of resist corrosion
rCorr   +          Rampage  .    (no ring)
Will    .....                    (no ring)
Stlth   +.........               (no ring)
HPRegen 0.29/turn                (no ring)
MPRegen 0.12/turn                (no ring)
                                 (no ring)
                                 (no ring)

@: ice-form, slowed, glowing, very slow
A: freezing attack, boosted hp, almost no armour, amphibious, 8 rings, large,
(camouflage 1), (gelatinous body 1), (nimble swimmer 1), (tentacles),
deterioration 1, wild magic 1
a: End Transformation, Renounce Religion


You were on level 6 of the Dungeon.
You worshipped the Shining One.
The Shining One was noncommittal.
You were a creature of crystalline ice.
You visited 2 branches of the dungeon, and saw 7 of its levels.
You also visited: Sewer.

You collected 238 gold pieces.


Innate Abilities, Weirdness & Mutations

You are a creature of crystalline ice.
You have a powerful freezing melee attack.
Your maximum health is increased.
Your armour is entirely melded.
You are incapable of wielding weapons or throwing items.
You cannot wear most types of armour.
You are amphibious.
You can wear up to eight rings at the same time.
((Your skin changes colour to match your surroundings (Stealth+).))
((Your rubbery body absorbs attacks. (AC +1, EV +1)))
((You are camouflaged when in or above water. (Stealth+)))
((You have tentacles for arms and can constrict up to eight enemies at once.))
Your body sometimes deteriorates upon taking damage.
Your spells are a little harder to cast, but a little more powerful.


   Skills:
 - Level 1.0 Fighting
 - Level 2.0 Dodging
 + Level 5.3 Unarmed Combat
 - Level 2.0 Spellcasting
 * Level 6.5 Transmutations
 * Level 6.1 Ice Magic


You had 4 spell levels left.
You knew the following spells:

 Your Spells              Type           Power      Damage    Failure   Level
a - Beastly Appendage     Tmut           62%        N/A       2%          1
c - Ice Form              Ice/Tmut       30%        N/A       21%         4
w - Wereblood             Tmut           31%        N/A       3%          2

Your spell library contained the following spells:

 Spells                   Type           Power      Damage    Failure   Level
 Spider Form              Tmut/Pois      16%        N/A       22%         3
 Hailstorm                Conj/Ice       15%        3d5       24%         3
 Cigotuvi's Dreadful Rot  Necr/Pois/Air  4%         N/A       36%         2
 Dazzling Flash           Conj/Hex       4%         N/A       58%         3
 Inner Flame              Hex/Fire       2%         N/A       58%         3
 Portal Projectile        Hex/Tloc       4%         N/A       58%         3
 Tukima's Dance           Hex            2%         N/A       58%         3
 Cause Fear               Hex            1%         N/A       92%         4
 Dispel Undead            Necr           2%         3d7       92%         4
 Iskenderun's Mystic Bla  Conj/Tloc      2%         2d3       92%         4
 Blade Hands              Tmut           15%        N/A       45%         5
 Death Channel            Necr           1%         N/A       100%        6
 Simulacrum               Ice/Necr       7%         N/A       100%        6
 Starburst                Conj/Fire      1%         6d3       100%        6
 Discord                  Hex            1%         N/A       100%        8

Inventory:

Magical Staves
 g - a staff of cold {!a}
Jewellery
 R - a ring of resist corrosion (left front paw)
Wands
 h - a wand of roots (24)
 l - a wand of polymorph (5)
Scrolls
 c - a scroll of teleportation {unknown}
 e - 3 scrolls of enchant armour {unknown}
 f - 5 scrolls of identify {unknown}
 i - 2 scrolls of magic mapping {unknown}
 j - a scroll of brand weapon {unknown}
 q - a scroll of immolation {unknown}
 s - a scroll of blinking {unknown}
Potions
 a - 4 potions of lignification
 b - 2 potions of berserk rage {!q}
 d - a potion of cancellation {unknown}
 k - 2 potions of degeneration {unknown}
 m - 2 potions of ambrosia
 n - 2 potions of might {unknown}
 o - 4 potions of curing {unknown}
 p - a potion of haste {unknown}
 r - a potion of magic {unknown}
 t - a potion of brilliance

Dungeon Overview and Level Annotations

Branches:
Dungeon (6/15)             Temple (1/1) D:5           Sewer (visited)

Altars:
Elyvilon
Makhleb
Nemelex Xobeh
Okawaru
Uskayaw
Wu Jian
Xom
Yredelemnul
The Shining One

Shops:
D:1 !=[*: D:6

[ .# ### ####.#### #..
##.......# #.. #
##........# #..
#.##.(.....!.# #..
..........?.. #####..##
#........# ........#
##.Yy....#
#.###....#####..###...#
. #.............#o#...#
# #.#.........###o# #.#
# #.#....####[#.o:..#
.. #
#.#.........###.### #
###.#...#####...#.#...
.##.#...........###....
#...†...............##!


You could see a hornet and 3 orc wizards.


Message History

You punch the steam dragon! You freeze the steam dragon.
The steam dragon is severely wounded.
The steam dragon closely misses you.
The steam dragon claws you but does no damage.
You hit the steam dragon. You freeze the steam dragon.
You kill the steam dragon!
The steam dragon scales are intact enough to wear.
You feel your intelligence returning.
Your Ice Magic skill increases to level 6!
Things that are here:
+0 steam dragon scales; a steam dragon corpse The hornet stings you! x2
* * * LOW HITPOINT WARNING * * *
Your body deteriorates!
You feel dopey.
You barely miss the hornet. The hornet stings you.
* * * LOW HITPOINT WARNING * * *
You closely miss the hornet. The hornet stings you.
* * * LOW HITPOINT WARNING * * *
You feel yourself slow down.
You hit the hornet but do no damage. The hornet closely misses you.
The hornet stings you!
* * * LOW HITPOINT WARNING * * *
You punch the hornet! You freeze the hornet.
The hornet is heavily wounded.
You feel yourself speed up. The hornet stings you.
* * * LOW HITPOINT WARNING * * *
You feel yourself slow down. The hornet stings you.
You die...

Skill      XL: |  1  2  3  4  5  6  7  8 |
---------------+-------------------------+-----
Ice Magic      | 1 2 3 4 5 6 |  6.1
Transmutations | 3 4 5 6 |  6.5
Unarmed Combat | 4 5 |  5.3
Fighting       | |  1.0
Dodging        | |  2.0
Spellcasting   | |  2.0

Action                   |  1- 3 |  4- 6 |  7- 9 || total
-------------------------+-------+-------+-------++-------
Melee: Unarmed           |    79 |   129 |   126 ||   334
       Constrict         |    23 |    25 |    22 ||    70
       Tentacles         |    17 |    23 |    17 ||    57
       Kick              |     4 |    15 |    23 ||    42
       Punch             |     1 |     2 |     2 ||     5
       Peck              |       |     6 |       ||     6
 Cast: Beastly Appendage |     8 |    11 |     8 ||    27
       Wereblood         |     1 |     1 |     4 ||     6
       Ice Form          |       |     3 |     7 ||    10
  Use: Potion            |       |     6 |     1 ||     7
 Stab: Sleeping          |     4 |     7 |     1 ||    12
       Confused          |       |       |     2 ||     2
Armor: Skin              |    10 |    14 |    21 ||    45
Dodge: Dodged            |    53 |    69 |    57 ||   179

Levels and vault maps discovered:
D:1:      heliophobic_arrival_enchanted_forest, layout_loops_ring, serial_shops,
          shop, shop, shop, nicolae_square_shop, shop
D:2:      layout_basic, shapermc_ecumenical_altar_totnotflames,
          nicolae_figureground_sparkle, uniq_robin, uniq_sigmund
D:3:      layout_basic, mainiacjoe_overflow_24_doors,
          nicolae_elyvilon_peaceful_grove, cheibrodos_sewer_entry_bend,
          uniq_jessica
D:4:      layout_basic, xom_confusion_cloud, makhleb_heckhound_becter,
          serial_shops, shop_statue
D:5:      layout_basic, mainiacjoe_overflow_alcove_2,
          minmay_temple_entry_purple_smoke, lemuel_flamethrower_2
D:6:      layout_loops_ring, trog_hazing_becter, grunt_dithmenos_shadows,
          serial_shops, nicolae_shop_crystal,
          minmay_a_box_with_orc_wizards_in_it
Temple:   nicolae_temple_god_jail

Notes
Turn   | Place    | Note
-------+----------+-------------------------------------------
     0 | D:1      | Raultor the Octopode Transmuter began the quest for the
                  | Orb.
     0 | D:1      | Reached XP level 1. HP: 13/13 MP: 3/3
   157 | D:1      | Reached XP level 2. HP: 14/18 MP: 3/5
   190 | D:1      | Found Eteyzu's Distillery.
   203 | D:1      | Reached skill level 1 in Ice Magic
   261 | D:1      | Learned a level 2 spell: Wereblood
   279 | D:1      | Found Caidol's Jewellery Boutique.
   285 | D:1      | Found Juyr Beutate's Armour Boutique.
   293 | D:1      | Found Gymiz's General Store.
   304 | D:1      | Found Qagon's Book Emporium.
   311 | D:1      | Reached XP level 3. HP: 23/23 MP: 6/6
   724 | D:2      | Noticed Robin
   732 | D:2      | Killed Robin
   733 | D:2      | Reached skill level 3 in Transmutations
   733 | D:2      | Reached skill level 2 in Ice Magic
   733 | D:2      | Reached XP level 4. HP: 28/28 MP: 4/7
   830 | D:2      | Learned a level 4 spell: Ice Form
  1255 | D:2      | Found a faded altar of an unknown god.
  1320 | D:2      | Reached XP level 5. HP: 32/33 MP: 8/8
  1588 | D:2      | Noticed Sigmund
  1681 | D:2      | Gained mutation: You are partially covered in iridescent
                  | scales. (AC +2) [potion of mutation]
  1681 | D:2      | Gained mutation: Your body sometimes deteriorates upon
                  | taking damage. [potion of mutation]
  1681 | D:2      | Gained mutation: You are clumsy. (Dex -2) [potion of
                  | mutation]
  1681 | D:2      | Gained mutation: You have a beak for a mouth. [potion of
                  | mutation]
  1698 | D:2      | Killed Sigmund
  1699 | D:2      | Reached skill level 4 in Unarmed Combat
  1699 | D:2      | Reached skill level 4 in Transmutations
  1699 | D:2      | Reached skill level 3 in Ice Magic
  1699 | D:2      | Reached XP level 6. HP: 24/38 MP: 7/9
  1876 | D:3      | Noticed Jessica
  1888 | D:3      | Killed Jessica
  1941 | D:3      | Found a white marble altar of Elyvilon.
  1992 | D:3      | Found a hide-covered altar of Uskayaw.
  2578 | D:3      | Found a glowing drain.
  2587 | Sewer    | Entered a sewer
  2689 | Sewer    | Reached skill level 4 in Ice Magic
  2739 | Sewer    | Lost mutation: You have a beak for a mouth. [potion of
                  | mutation]
  2739 | Sewer    | Lost mutation: Your body sometimes deteriorates upon taking
                  | damage. [potion of mutation]
  2739 | Sewer    | Gained mutation: You are weak. (Str -2) [potion of
                  | mutation]
  2740 | Sewer    | Lost mutation: You are weak. (Str -2) [potion of mutation]
  2740 | Sewer    | Lost mutation: You are clumsy. (Dex -2) [potion of
                  | mutation]
  2740 | Sewer    | Lost mutation: You are partially covered in iridescent
                  | scales. (AC +2) [potion of mutation]
  2740 | Sewer    | Gained mutation: Your body sometimes deteriorates upon
                  | taking damage. [potion of mutation]
  2740 | Sewer    | Gained mutation: Your spells are a little harder to cast,
                  | but a little more powerful. [potion of mutation]
  2841 | D:4      | Reached XP level 7. HP: 36/43 MP: 6/10
  2902 | D:4      | Found Pycoxa's Assorted Antiques.
  2973 | D:4      | Found a shimmering altar of Xom.
  2989 | D:4      | Reached skill level 5 in Transmutations
  3085 | D:4      | Reached skill level 5 in Ice Magic
  3363 | D:4      | Found a burning altar of Makhleb.
  3793 | D:5      | Entered Level 5 of the Dungeon
  4015 | D:5      | Reached XP level 8. HP: 48/48 MP: 6/11
  4017 | D:5      | Reached skill level 5 in Unarmed Combat
  4112 | D:5      | Reached skill level 6 in Transmutations
  4415 | D:5      | Found a staircase to the Ecumenical Temple.
  4425 | Temple   | Entered the Ecumenical Temple
  4444 | Temple   | Became a worshipper of the Shining One
  4483 | D:5      | Found a sparkling altar of Nemelex Xobeh.
  4817 | D:6      | Found Atupes's Armour Shoppe.
  5002 | D:6      | Noticed a hornet
  5017 | D:6      | Reached skill level 6 in Ice Magic
  5025 | D:6      | HP: 5/57 [hornet (12)]
  5026 | D:6      | Slain by a hornet

Vanquished Creatures
  Sigmund (D:2)
  A steam dragon (D:6)
  An ice beast (D:4)
  2 phantoms
  3 scorpions
  5 hounds
  A jelly (D:5)
  Jessica (D:3)
  2 iguanas (D:5)
  A hell rat (Sewer)
  An orc wizard (D:4)
  Robin (D:2)
  2 gnolls
  9 adders
  3 river rats (Sewer)
  A shadow imp (D:6)
  2 white imps (D:5)
  4 worms
  5 dart slugs
  12 orcs
  4 ball pythons
  10 bats
  5 endoplasms
  2 giant cockroaches
  11 goblins
  9 hobgoblins
  6 jackals
  3 quokkas
  3 frilled lizards
  4 kobolds
  10 rats
125 creatures vanquished.

Table legend: (Time is in decaauts)
 A = Elapsed time spent in this place.
 B = Non-inter-level travel time spent in this place.
 C = Inter-level travel time spent in this place.
 D = Time resting spent in this place.
 E = Time spent auto-exploring this place.
 F = Levels seen in this place.
 G = Mean time per level.
                   A        B        C        D        E       F      G
               +--------+--------+--------+--------+--------+-----+--------+
         Total |   5010 |   4870 |    140 |    299 |   3539 |   8 |  626.2 |
       Dungeon |   4826 |   4694 |    132 |    299 |   3427 |   6 |  804.3 |
        Temple |     28 |     20 |      8 |      0 |      9 |   1 |   28.0 |
         Sewer |    155 |    155 |      0 |      0 |    103 |   1 |  155.0 |
               +--------+--------+--------+--------+--------+-----+--------+

Top non-repeatable levels by time:
     D:2: 1111 daAuts
     D:5: 986 daAuts
     D:4: 985 daAuts
     D:3: 819 daAuts
     D:1: 711 daAuts
     D:6: 211 daAuts
   Sewer: 155 daAuts
  Temple: 28 daAuts

Table legend:
 A = Non-vault XP
 B = Vault XP
 C = Vault XP percentage of total XP
 D = Non-vault monster count
 E = Vault monster count
 F = Vault count percentage of total count
                 A         B        C        D         E       F
            +---------+---------+-------+---------+---------+-------
      Total |    1222 |     551 |  31.1 |      92 |      33 |  26.4
            +---------+---------+-------+---------+---------+-------
        D:1 |      64 |       0 |   0.0 |      25 |       0 |   0.0
        D:2 |      97 |     261 |  72.9 |      24 |      12 |  33.3
        D:3 |      27 |      42 |  60.9 |       9 |       2 |  18.2
        D:4 |     402 |     167 |  29.3 |      18 |       9 |  33.3
        D:5 |     365 |       0 |   0.0 |      13 |       0 |   0.0
        D:6 |     267 |       0 |   0.0 |       3 |       0 |   0.0
      Sewer |       0 |      81 | 100.0 |       0 |      10 | 100.0
            +---------+---------+-------+---------+---------+-------
